 Dungeon Crawl Stone Soup version 0.29.1-15-g9cfb28693d (webtiles) character file.

Game seed: 8313143672646185031

367136 adizb the Executioner (level 20, -5/199 HPs)
             Began as a Minotaur Gladiator on Apr 23, 2023.
             Was the Champion of Jiyva.
             Shot with a bolt by a yaktaur captain (30 damage)
             ... on level 5 of the Vaults.
             The game lasted 02:49:25 (23842 turns).

adizb the Executioner (Minotaur Gladiator)         Turns: 23842, Time: 02:49:26

Health: -5/199     AC: 48    Str: 41    XL:     20   Next: 86%
Magic:  19/19      EV: 13    Int:  5    God:    Jiyva [******]
Gold:   912        SH: 17    Dex: 20    Spells: 19/19 levels left

rFire   . . .      SeeInvis +   k - +14 obsidian axe {vorpal, Mesm Drain Fly SInv}
rCold   . . .      Faith    .   C - +1 kite shield {reflect}
rNeg    . . .      Spirit   .   T - +16 plate armour of the Storm King {-Cast +Blink Str+8 Slay+6}
rPois   +          Reflect  +   c - +1 hat
rElec   .          Harm     .   x - +2 cloak {Will+}
rCorr   +          Rampage  ∞   G - +0 pair of gloves
Will    +++++      NoCast   +   Z - +3 pair of seven-league boots {Rampage+∞}
Stlth   ..........              M - amulet of regeneration
HPRegen 2.83/turn               I - ring of Tetsofy {Will+ Str+8}
MPRegen 0.66/turn               R - ring "Caerogeh" {rPois Will+ Int-4 Dex+7}

@: flying, mesmerised, studying Stealth
A: horns 2, retaliatory headbutt, fangs 1, iridescent scales 2, see invisible,
clever 1, strong-willed 1, poison resistance, wild magic 1, gelatinous body 1,
pseudopods 3, jelly absorbing missiles
}: 4/15 runes: decaying, serpentine, slimy, abyssal
a: Renounce Religion, Evoke Blink, Oozemancy, Slimify


You were on level 5 of the Vaults.
You worshipped Jiyva.
Jiyva was exalted by your worship.
You visited 8 branches of the dungeon, and saw 43 of its levels.
You visited the Abyss 2 times.
You also visited: Sewer.

You collected 2746 gold pieces.
You spent 1834 gold pieces at shops.

Inventory:

Hand Weapons
 k - the +14 obsidian axe (weapon) {vorpal, Mesm Drain Fly SInv}
   (You acquired it on level 15 of the Dungeon)

   It inflicts extra damage upon your enemies.
   It occasionally summons demons to assist the wielder when it strikes in
   combat.
   Its wielder is mesmerised by any visible foes.
   It cannot be unequipped while any foes are visible.
   SInv:      It lets you see invisible.
   Fly:       It grants you flight.
   Drain:     It drains your maximum health when unequipped.
 m - a +2 vorpal dire flail
 B - a +5 battleaxe of freezing
Missiles
 d - 2 throwing nets
 e - 11 javelins
 z - 14 boomerangs (quivered)
 V - 3 silver javelins
Armour
 c - a +1 hat (worn)
 x - a +2 cloak of willpower (worn)
 y - a +1 pair of boots of flying
 C - a +1 kite shield of reflection (worn)
 G - a +0 pair of gloves (worn)
 T - the +16 plate armour of the Storm King (worn) {-Cast +Blink Str+8 Slay+6}
   (You found it on level 5 of the Pits of Slime)

   Str:       It affects your strength (+8).
   Slay:      It affects your accuracy & damage with ranged weapons and melee
   (+6).
   +Blink:    It lets you blink.
   -Cast:     It prevents spellcasting.
 Z - the +3 pair of seven-league boots (worn) {Rampage+∞}
   (You acquired it on level 2 of the Swamp)

   Its wearer moves as far as possible in that direction when moving towards
   enemies.
Jewellery
 I - the ring of Tetsofy (left hand) {Will+ Str+8}
   (You bought it in a shop on level 1 of the Dungeon)

   [ring of willpower]

   Str:       It affects your strength (+8).
   Will:      It increases your willpower.
 M - an amulet of regeneration (around neck)
 P - a +6 ring of strength
 R - the ring "Caerogeh" (right hand) {rPois Will+ Int-4 Dex+7}
   (You found it on level 5 of the Pits of Slime)

   [ring of willpower]

   Int:       It affects your intelligence (-4).
   Dex:       It affects your dexterity (+7).
   rPois:     It protects you from poison.
   Will:      It increases your willpower.
 S - an amulet of reflection
 X - a ring of positive energy
Wands
 b - a wand of iceblast (22)
 s - a wand of flame (48)
 H - a wand of light (14)
 N - a wand of mindburst (20)
 U - a wand of paralysis (4)
Scrolls
 a - 4 scrolls of butterflies
 i - 9 scrolls of immolation
 l - 18 scrolls of teleportation
 n - 8 scrolls of magic mapping
 u - 2 scrolls of summoning
 v - 3 scrolls of amnesia
 D - 2 scrolls of blinking
 J - 4 scrolls of fear
Potions
 f - 3 potions of invisibility
 g - 4 potions of attraction
 h - 10 potions of haste
 j - a potion of berserk rage
 o - 4 potions of cancellation
 p - 4 potions of heal wounds
 q - 8 potions of might
 r - 21 potions of curing
 t - 5 potions of flight
 w - 5 potions of mutation
 F - 7 potions of lignification
 L - 7 potions of brilliance
 O - 3 potions of resistance
 W - 3 potions of ambrosia
Miscellaneous
 A - a box of beasts (inert)
 E - a phantom mirror
 Y - a tin of tremorstones (1/2)


   Skills:
 + Level 21.7 Fighting
 + Level 23.4(24.2) Axes
 - Level 11.0(18.6) Maces & Flails
 - Level 4.0 Throwing
 * Level 22.4 Armour
 - Level 5.0 Dodging
 - Level 2.0 Stealth
 * Level 18.7 Shields
 - Level 8.0 Evocations


You had 19 spell levels left.
You didn't know any spells.
Your spell library contained the following spells:

 Spells                   Type           Power      Damage    Failure   Level
 Freeze                   Ice            0%         1d3       94%         1
 Sandblast                Erth           0%         2d4       94%         1
 Shock                    Conj/Air       0%         1d3       94%         1
 Poisonous Vapours        Pois/Air       0%         N/A       98%         2
 Scorch                   Fire           0%         2d5       98%         2
 Static Discharge         Conj/Air       0%         3-3/arc   98%         2
 Dazzling Flash           Conj/Hex       0%         N/A       100%        3
 Frozen Ramparts          Ice            0%         1d1       100%        3
 Gell's Gravitas          Tloc           0%         N/A       100%        3
 Inner Flame              Hex/Fire       0%         N/A       100%        3
 Lesser Beckoning         Tloc           0%         N/A       100%        3
 Ozocubu's Armour         Ice            0%         N/A       100%        3
 Portal Projectile        Hex/Tloc       0%         N/A       100%        3
 Swiftness                Air            0%         N/A       100%        3
 Teleport Other           Tloc           0%         N/A       100%        3
 Tukima's Dance           Hex            0%         N/A       100%        3
 Airstrike                Air            0%         2d(0-16)  100%        4
 Animate Dead             Necr           0%         N/A       100%        4
 Cause Fear               Hex            0%         N/A       100%        4
 Corpse Rot               Necr/Pois/Air  0%         N/A       100%        4
 Dispel Undead            Necr           0%         3d6       100%        4
 Flame Wave               Conj/Fire      0%         2d4       100%        4
 Hailstorm                Conj/Ice       0%         3d3       100%        4
 Iskenderun's Mystic Bla  Conj/Tloc      0%         2d3       100%        4
 Petrify                  Tmut/Erth      0%         N/A       100%        4
 Agony                    Necr           0%         N/A       100%        5
 Blade Hands              Tmut           0%         N/A       100%        5
 Lightning Bolt           Conj/Air       0%         1d11      100%        5
 Silence                  Hex/Air        0%         N/A       100%        5
 Summon Forest            Summ/Tloc      0%         N/A       100%        5
 Summon Mana Viper        Hex/Summ       0%         N/A       100%        5
 Eringya's Noxious Bog    Tmut/Pois      0%         N/A       100%        6
 Iron Shot                Conj/Erth      0%         9d1       100%        6
 Summon Cactus Giant      Summ           0%         N/A       100%        6
 Dragon Form              Tmut           0%         N/A       100%        7
 Haunt                    Necr/Summ      0%         N/A       100%        7
 Ozocubu's Refrigeration  Ice            0%         4d7       100%        7
 Summon Hydra             Summ           0%         N/A       100%        7
 Borgnjor's Revivificati  Necr           0%         N/A       100%        8
 Infestation              Necr           0%         N/A       100%        8
 Lehudib's Crystal Spear  Conj/Erth      0%         10d2      100%        8
 Maxwell's Capacitive Co  Air            0%         ∞         100%        8
 Dragon's Call            Summ           0%         N/A       100%        9


Dungeon Overview and Level Annotations

Branches:
Dungeon (15/15)            Temple (0/1) D:7            Lair (5/5) D:11
  Swamp (4/4) Lair:3        Snake (4/4) Lair:3        Slime (5/5) Lair:4
    Orc (2/2) D:10            Elf (3/3) Orc:2        Vaults (5/5) D:14
 Depths (0/4) D:15          Sewer (visited)
  Crypt: Vaults:2-3

Altars:
Ashenzari
Cheibriados
Dithmenos
Elyvilon
Kikubaaqudgha
Nemelex Xobeh
Okawaru
Trog
Uskayaw
Vehumet
Xom
Zin
Jiyva
Lugonu

Shops:
D:1 *   D:3 :   Orc:2 ([**   Elf:1 !   Elf:2 :   Elf:3 *   Snake:3 =::
Vaults:3 *

Portals:
Abyss: Lair:2 Lair:5

Annotations:
Slime:2 Dissolution
Slime:5 Royal Jelly


Innate Abilities, Weirdness & Mutations

You have a pair of horns on your head.
You reflexively headbutt those who attack you in melee.
You have very sharp teeth.
You are mostly covered in iridescent scales. (AC +4)
You have supernaturally acute eyesight. (SInv)
Your mind is acute. (Int +4, Str/Dex -1)
You are strong-willed. (Will+)
Your system is resistant to poisons. (rPois)
Your spells are a little harder to cast, but a little more powerful.
Your rubbery body absorbs attacks. (AC +1, EV +1)
Armour fits poorly on your massive pseudopods.
You have a small jelly attached to you that may absorb projectiles.


Message History

You feel sick.
The quicksilver dragon bites you but does no damage.
You block the quicksilver dragon's attack.
You block the hell beast's attack. x2
Your juvenile batshock beast hits the deep elf demonologist!
The deep elf sorcerer misses you. You furiously retaliate!
You headbutt the deep elf sorcerer!!
You kill the deep elf sorcerer!
Your quicksilver ooze hits the deep elf annihilator!
Your quicksilver ooze engulfs the deep elf annihilator!
Your quicksilver ooze closely misses the deep elf annihilator.
You block the fire giant's attack.
The deep elf demonologist hits you but does no damage.
The deep elf annihilator hits your quicksilver ooze with a +0 rapier.
The quicksilver dragon bites you but does no damage.
The quicksilver dragon claws you but does no damage.
The hell beast barely misses you. The hell beast closely misses you.
You slice the deep elf annihilator!! You open a gate to Pandemonium!
A demon appears!
You kill the deep elf annihilator!
You cut the hell beast into ribbons!!! You open a gate to Pandemonium!
A demon appears!
You slice the quicksilver dragon!!
You kill the quicksilver dragon!
The quicksilver dragon scales are intact enough to wear.
You cut the deep elf demonologist into ribbons!!!
You kill the deep elf demonologist!
The hell beast disappears in a puff of smoke!
You slice the fire giant!!
You feel sick.
You are no longer poisoned.
You hear a shout!
Your quicksilver ooze hits the deep elf high priest. x2
Your juvenile batshock beast bursts into living lightning!
The living lightning hits the fire giant!
Your juvenile batshock beast blinks!
A shadow dragon comes into view.
The yaktaur captain wields a +0 arbalest.
The yaktaur captain shoots a bolt.
The bolt hits you!!
* * * LOW HITPOINT WARNING * * *
The yaktaur captain shoots a bolt.
The bolt hits you!!
You die...

.. #....#.....
....#....#....
....#....#....
............
####........#####
.................
.......<§).......
......<4[@eJ.$...
.......3<))......
####...[Cc.c.#.##
......[[[[))c...
.....#H......c...
.....#....#).....
###. #..........#
# #....#....#D
#....#...#.


You could see a shadow dragon (misshapen), a fire giant (mesmerising, empowered,
distracted, ally target), 3 yaktaur captains, a deep elf high priest (brilliance
aura, ally target), a yaktaur, a friendly juvenile batshock beast (summoned), a
friendly quicksilver ooze (summoned), a friendly ice devil (summoned) and a
friendly ynoxinul (summoned).

Vanquished Creatures
  Sojobo (Vaults:4)
  A bone dragon (Abyss:2)
  The ghost of Yvysoi the Tortoise, an adept DjHW of Ashenzari (Elf:1)
  Zenata (Vaults:1)
  A deep elf blademaster (Elf:3)
  A quicksilver dragon (Vaults:5)
  2 deep elf master archers (Elf:3)
  A thorn hunter (Swamp:1)
  A tentacled starspawn (Abyss:4)
  Donald (Elf:2)
  2 tengu reavers (Vaults:4)
  5 nagarajas
  2 fenstrider witches
  A frost giant (Vaults:4)
  A vault warden (Vaults:4)
  10 deep elf sorcerers
  An orc warlord (Vaults:4)
  The ghost of Qoasy the Carver, a journeyman DsGl of Makhleb (D:15)
  The ghost of Nim Mitig the Severer, a journeyman HOFi of Beogh (D:15)
  Aizul (Snake:1)
  3 ghouls (Swamp:3)
  4 deep elf elementalists (Elf:3)
  A very ugly thing (Vaults:1)
  3 ironbound preservers
  A reaper (Abyss:1)
  5 ironbound thunderhulks
  The ghost of Joimaj the Fighter, a journeyman GrEE of Vehumet (D:15)
  An entropy weaver (Vaults:4)
  4 eleionomae
  3 bunyips (Swamp:2)
  The ghost of Foomy44 the Warrior, a journeyman MfGl of Hepliaklqana (D:13)
  8 deep elf annihilators
  5 deep elf demonologists
  3 dire elephants (Vaults:1)
  An eidolon (Abyss:2)
  The ghost of Danienth the Fighter, a journeyman DsGl of Jiyva (Swamp:1)
  7 ettins
  2 deep elf death magi (Elf:3)
  The ghost of sigtrap the Destroyer, a journeyman GnCj of Cheibriados (Lair:2)
  A crystal guardian (Vaults:1)
  6 deep elf high priests (Elf:3)
  20 hydras
  A rakshasa (Abyss:2)
  4 yaktaur captains
  6 boulder beetles
  An ogre mage (D:14)
  24 vault guards
  2 ice dragons (D:15)
  2 shambling mangroves
  3 salamander tyrants (Snake:4)
  A catoblepas (Lair:5)
  2 peacekeepers (Vaults:1)
  4 centaur warriors
  An ironbound frostheart (Vaults:2)
  16 anacondas
  3 ghost crabs
  14 two-headed ogres
  8 naga warriors
  A deep troll earth mage (D:12)
  A tengu warrior (D:12)
  2 spriggan berserkers (Swamp:1)
  A hell hog (Lair:2)
  Urug (D:13)
  13 alligators
  4 thrashing horrors
  25 dancing weapons
  2 orc high priests
  7 shock serpents
  17 deep elf knights
  A sun demon (Lair:2)
  10 naga sharpshooters
  A shadow wraith (Abyss:4)
  2 salamander mystics
  5 skeletal warriors (D:14)
  A spriggan druid (Swamp:1)
  A death drake (Swamp:2)
  Lodul (D:13)
  10 bog bodies
  9 naga ritualists
  A flayed ghost (Abyss:4)
  2 large abominations
  16 deep elf archers
  8 swamp dragons
  Pikel (D:5)
  5 goliath frogs
  A deep troll (Vaults:1)
  2 starcursed masses (Abyss:4)
  2 ironbound convokers
  An orc knight (Orc:1)
  A wizard (Vaults:1)
  6 lindwurms
  26 ugly things
  24 deep elf pyromancers
  16 mana vipers
  25 deep elf zephyrmancers
  7 orc sorcerers
  A worldbinder (Abyss:2)
  5 will-o-the-wisps
  6 salamanders
  4 manticores
  4 elephants (Lair:1)
  5 vault sentinels
  7 cyclopes
  36 black mambas
  5 guardian serpents (Snake:4)
  A smoke demon (Abyss:2)
  3 unseen horrors (D:11)
  A titan simulacrum (Abyss:4)
  9 naga magi
  10 cane toads
  6 kobold demonologists
  11 yaktaurs
  4 rime drakes
  2 efreet
  3 tengu conjurers
  6 ancient zymes
  6 komodo dragons
  A silent spectre (Abyss:4)
  A troll (shapeshifter) (D:15)
  7 tyrant leeches
  A polar bear (shapeshifter) (D:13)
  13 trolls
  2 polar bears
  Prince Ribbit (D:5)
  16 hornets
  3 raiju
  37 blink frogs
  A centaur simulacrum (D:15)
  An air elemental (Elf:2)
  Sigmund (D:5)
  3 wraiths
  6 wyverns
  An ettin skeleton (Abyss:4)
  18 spriggans
  3 ynoxinuls (Lair:5)
  A shadow (D:12)
  3 fire elementals
  6 redbacks (Elf:1)
  2 water elementals
  40 yaks
  5 basilisks
  7 swamp worms
  3 chaos spawn
  Menkaure (D:7)
  2 steam dragons
  29 vampire mosquitoes
  3 acid dragons
  11 wargs
  31 nagas
  13 water moccasins
  2 hell hounds
  Duvessa (D:3)
  28 orc warriors
  4 ice beasts
  7 swamp drakes
  5 small abominations (Lair:5)
  3 black bears (D:11)
  16 wolves
  4 boggarts (D:14)
  15 ogres
  11 centaurs
  2 phantoms (D:6)
  8 kobold brigands
  7 bullfrogs
  Blork the orc (D:4)
  A scorpion (D:5)
  7 earth elementals
  9 gnoll sergeants
  A necrophage (D:5)
  A wyvern zombie (D:6)
  4 wights (D:7)
  A water moccasin skeleton (D:6)
  5 killer bees (D:11)
  8 electric eels
  A vampire bat (D:4)
  7 howler monkeys
  3 bullfrog zombies (D:6)
  A hound (D:5)
  A centaur zombie (D:6)
  Crazy Yiuf (D:5)
  2 jellies (Sewer)
  3 gnoll boudas
  27 orc priests
  A bullfrog skeleton (D:6)
  36 orc wizards
  2 howler monkey zombies (D:6)
  30 gnolls
  6 adders
  A river rat (Sewer)
  An ufetubus (D:6)
  2 worms
  2 dart slugs
  3 fire bats (D:4)
  70 orcs
  2 spectral bats (D:4)
  3 bat skeletons (D:4)
  A bat zombie (D:4)
  9 endoplasms
  13 giant cockroaches
  8 goblins
  8 hobgoblins
  4 jackals
  18 kobolds
  7 quokkas
  16 ball pythons
  13 bats
  A bat simulacrum (D:4)
  7 frilled lizards
  8 rats
  9 briar patches (Swamp:2)
  A lurking horror (Abyss:4)
1356 creatures vanquished.

Vanquished Creatures (collateral kills)
  A deep elf blademaster (Elf:2)
  2 thorn hunters (Swamp:2)
  A deep elf sorcerer (Elf:3)
  A deep elf elementalist (Elf:3)
  3 very ugly things (Vaults:1)
  A dire elephant (Vaults:1)
  3 deep elf annihilators (Elf:3)
  An ettin (Abyss:4)
  A yaktaur captain (Vaults:1)
  2 hydras
  2 vault guards (Vaults:5)
  A shambling mangrove (Swamp:4)
  A boulder beetle (D:12)
  An ironbound frostheart (Vaults:4)
  A naga warrior (Snake:4)
  2 anacondas
  3 alligators (Swamp:2)
  A shock serpent (Snake:4)
  2 naga sharpshooters
  3 deep trolls (Vaults:1)
  A spriggan druid (Swamp:1)
  A goliath frog (Swamp:1)
  4 swamp dragons (Swamp:4)
  2 bog bodies
  A lindwurm (Snake:4)
  An ugly thing (Vaults:1)
  A mana viper (Snake:4)
  2 moths of wrath (Swamp:1)
  3 black mambas
  A cyclops (D:12)
  3 salamanders
  A guardian serpent (Snake:4)
  2 naga magi
  2 yaktaurs
  An ancient zyme (Abyss:2)
  A tyrant leech (Swamp:3)
  A hornet (Swamp:1)
  A blink frog (Lair:3)
  A spriggan (Swamp:1)
  A vampire (D:12)
  A redback (Elf:1)
  2 nagas
  3 swamp drakes (Swamp:4)
  An electric eel (Elf:3)
  A jelly (Sewer)
  A briar patch (Swamp:2)
73 creatures vanquished.

Vanquished Creatures (others)
  A vault warden (Vaults:2)
  A yaktaur captain (Vaults:3)
  2 great orbs of eyes
  A dancing weapon (Elf:3)
  2 ironbound convokers
  2 deep elf zephyrmancers (Elf:2)
  An ugly thing (D:15)
  A black mamba (Snake:4)
  An unseen horror (D:10)
  3 yaktaurs (Vaults:4)
  A merfolk (shapeshifter) (Vaults:5)
  8 slime creatures
  A bloated husk (Swamp:2)
  A culicivora (shapeshifter) (Lair:5)
  A spriggan (Lair:5)
  A yak (Lair:3)
  A steam dragon (D:6)
  A floating eye (Abyss:4)
  An orc warrior (Orc:1)
  A centaur (D:15)
  2 small abominations (Lair:5)
  2 bullfrogs
  A necrophage (D:5)
  88 jellies
  Dowan (D:3)
  2 hounds
  A gnoll bouda (D:11)
  An orc priest (Orc:1)
  4 orc wizards
  A boggart zombie (D:14)
  2 gnolls (D:11)
  2 adders
  10 orcs
  A quokka (D:5)
  14 foxfires (Swamp:1)
  91 fungi
  135 plants
  3 starspawn tentacles (Abyss:4)
  5 toadstools (Swamp:1)
  A withered plant (D:6)
399 creatures vanquished.

Grand Total: 1828 creatures vanquished

Notes
Turn   | Place    | Note
-------+----------+-------------------------------------------
     0 | D:1      | adizb the Minotaur Gladiator began the quest for the Orb.
     0 | D:1      | Reached XP level 1. HP: 18/18 MP: 0/0
    36 | D:1      | Found Biqasev's Assorted Antiques.
   380 | D:1      | Reached XP level 2. HP: 24/25 MP: 1/1
   787 | D:1      | Bought a scroll labelled HOIJOES OSECVUI for 19 gold pieces
   986 | D:2      | You fall into a shaft and drop 1 floor!
  1050 | D:3      | Reached skill level 1 in Armour
  1050 | D:3      | Reached XP level 3. HP: 31/31 MP: 2/2
  1132 | D:3      | Found a glowing drain.
  1151 | Sewer    | Entered a sewer
  1312 | Sewer    | Reached XP level 4. HP: 26/40 MP: 3/3
  1385 | Sewer    | Reached skill level 5 in Maces & Flails
  1385 | Sewer    | Reached XP level 5. HP: 17/46 MP: 4/4
  1386 | Sewer    | Found a viscous altar of Jiyva.
  1417 | Sewer    | Became a worshipper of Jiyva Jiog the Shapeless
  1487 | D:3      | Found a snail-covered altar of Cheibriados.
  1994 | D:3      | Reached * piety under Jiyva
  2029 | D:3      | Found Bumafi's Book Shoppe.
  2114 | D:4      | Noticed Duvessa
  2145 | D:4      | Noticed Dowan
  2158 | D:3      | Killed Duvessa
  2159 | D:3      | Reached skill level 5 in Fighting
  2159 | D:3      | Reached XP level 6. HP: 26/56 MP: 5/5
  2174 | D:3      | HP: 2/56 [Dowan/stone arrow (12)]
  2175 | D:3      | Killed Dowan
  2479 | D:4      | Reached ** piety under Jiyva
  2546 | D:4      | Noticed Blork the orc
  2552 | D:4      | Killed Blork the orc
  2690 | D:4      | Reached XP level 7. HP: 62/62 MP: 6/6
  2923 | D:5      | Entered Level 5 of the Dungeon
  2923 | D:5      | Noticed Sigmund
  3061 | D:5      | Found a sparkling altar of Nemelex Xobeh.
  3068 | D:5      | Found a glowing silver altar of Zin.
  3071 | D:5      | Found an iron altar of Okawaru.
  3071 | D:5      | Found a shadowy altar of Dithmenos.
  3094 | D:5      | Found a broken altar of Ashenzari.
  3156 | D:5      | Noticed Pikel
  3173 | D:5      | Killed Pikel
  3174 | D:5      | Reached XP level 8. HP: 49/73 MP: 7/7
  3301 | D:5      | Killed Sigmund
  3302 | D:5      | Reached skill level 5 in Armour
  3354 | D:5      | Reached *** piety under Jiyva
  3388 | D:5      | Found a runed translucent door.
  3389 | D:5      | Noticed Crazy Yiuf
  3399 | D:5      | Killed Crazy Yiuf
  3428 | D:5      | Noticed Prince Ribbit
  3440 | D:5      | Killed Prince Ribbit
  3885 | D:6      | Found a shimmering altar of Xom.
  3904 | D:6      | Reached XP level 9. HP: 60/82 MP: 8/8
  4077 | D:6      | Reached **** piety under Jiyva
  4129 | D:6      | Noticed a two-headed ogre
  4185 | D:6      | Killed a two-headed ogre
  4186 | D:6      | Reached skill level 10 in Fighting
  4186 | D:6      | Reached skill level 10 in Maces & Flails
  4538 | D:6      | Gained mutation: Your melee attacks may engulf your foes in
                  | ooze. [Jiyva's grace]
  4538 | D:6      | Gained mutation: You have acidic saliva. [Jiyva's grace]
  4538 | D:6      | Gained mutation: You are covered in slimy tendrils that may
                  | disarm your opponents. [Jiyva's grace]
  4538 | D:6      | Gained mutation: You are agile. (Dex +4, Str/Int -1)
                  | [Jiyva's grace]
  4819 | D:7      | Noticed Menkaure
  4827 | D:7      | Killed Menkaure
  4828 | D:7      | Reached skill level 1 in Axes
  4931 | D:7      | Found a staircase to the Ecumenical Temple.
  4943 | D:7      | Reached ***** piety under Jiyva
  4987 | D:7      | Reached XP level 10. HP: 94/94 MP: 9/9
  5367 | D:2      | Found a white marble altar of Elyvilon.
  5551 | D:2      | Found a faded altar of an unknown god.
  5913 | D:1      | Bought a scroll of identify for 38 gold pieces
  5913 | D:1      | Bought a warped lapis lazuli ring for 95 gold pieces
  5913 | D:1      | Identified the ring of Tetsofy {Will+ Str+8} (You bought it
                  | in a shop on level 1 of the Dungeon)
  6181 | D:8      | Reached skill level 2 in Axes
  6322 | D:8      | Reached skill level 3 in Axes
  6465 | D:8      | Lost mutation: You are covered in slimy tendrils that may
                  | disarm your opponents. [Jiyva's grace]
  6465 | D:8      | Gained mutation: Your translucent skin slightly reduces
                  | your foes' accuracy. (Stealth+) [Jiyva's grace]
  6465 | D:8      | Gained mutation: Your translucent skin reduces your foes'
                  | accuracy. (Stealth+) [Jiyva's grace]
  6465 | D:8      | Gained mutation: Your transparent skin significantly
                  | reduces your foes' accuracy. (Stealth+) [Jiyva's grace]
  6465 | D:8      | Gained mutation: You are covered in fur. (AC +1) [Jiyva's
                  | grace]
  6648 | D:9      | Paralysed by a hornet for 3 turns
  6683 | D:9      | Reached ****** piety under Jiyva
  6892 | D:9      | Reached skill level 4 in Axes
  7522 | D:9      | Noticed a two-headed ogre
  7526 | D:9      | Killed a two-headed ogre
  7527 | D:9      | Reached skill level 5 in Axes
  7649 | D:10     | Entered Level 10 of the Dungeon
  7672 | D:10     | Found a hide-covered altar of Uskayaw.
  7743 | D:10     | Reached skill level 6 in Axes
  7753 | D:10     | Reached skill level 7 in Axes
  7934 | D:10     | Lost mutation: Your transparent skin significantly reduces
                  | your foes' accuracy. (Stealth+) [Jiyva's grace]
  7934 | D:10     | Gained mutation: You are very agile. (Dex +8, Str/Int -2)
                  | [Jiyva's grace]
  7934 | D:10     | Gained mutation: You are partially covered in iridescent
                  | scales. (AC +2) [Jiyva's grace]
  7934 | D:10     | Gained mutation: You are mostly covered in iridescent
                  | scales. (AC +4) [Jiyva's grace]
  7934 | D:10     | Gained mutation: You are completely covered in iridescent
                  | scales. (AC +6) [Jiyva's grace]
  8267 | D:10     | Reached XP level 11. HP: 104/104 MP: 10/10
  8296 | D:10     | Found a staircase to the Orcish Mines.
  8351 | Orc:1    | Entered Level 1 of the Orcish Mines
  8355 | Orc:1    | Noticed an orc sorcerer
  8371 | Orc:1    | Killed an orc sorcerer
  8372 | Orc:1    | Reached skill level 8 in Axes
  8390 | Orc:1    | Noticed an orc knight
  8428 | Orc:1    | Killed an orc knight
  8529 | Orc:1    | Noticed an orc sorcerer
  8530 | Orc:1    | Noticed an orc sorcerer
  8532 | Orc:1    | Noticed an orc high priest
  8535 | Orc:1    | Noticed a soul eater
  8537 | Orc:1    | Killed an orc sorcerer
  8538 | Orc:1    | Reached skill level 10 in Armour
  8542 | Orc:1    | Killed an orc sorcerer
  8543 | Orc:1    | Reached skill level 9 in Axes
  8544 | Orc:1    | Killed an orc high priest
  8654 | Orc:2    | Entered Level 2 of the Orcish Mines
  8794 | Orc:2    | Reached skill level 10 in Axes
  8846 | Orc:2    | Found a staircase to the Elven Halls.
  8858 | Orc:2    | Noticed an orc high priest
  8879 | Orc:2    | Killed an orc high priest
  8880 | Orc:2    | Noticed an orc sorcerer
  8885 | Orc:2    | Killed an orc sorcerer
  8896 | Orc:2    | Noticed an orc sorcerer
  8903 | Orc:2    | Noticed an orc sorcerer
  8904 | Orc:2    | Killed an orc sorcerer
  8905 | Orc:2    | Reached skill level 11 in Axes
  8905 | Orc:2    | Noticed a sixfirhy
  8917 | Orc:2    | Killed an orc sorcerer
  8924 | Orc:2    | Found Enilih's General Store.
  8924 | Orc:2    | Found Cunweops's Antique Weapon Emporium.
  8925 | Orc:2    | Found Tozxien's Antique Armour Emporium.
  8927 | Orc:2    | Noticed an orc sorcerer
  8931 | Orc:2    | Killed an orc sorcerer
  8932 | Orc:2    | Reached XP level 12. HP: 75/115 MP: 9/11
  8938 | Orc:2    | Found Ynafua's Assorted Antiques.
  9218 | Orc:2    | Bought a runed great mace for 304 gold pieces
  9219 | Orc:2    | Bought a potion of curing for 42 gold pieces
  9493 | D:11     | Noticed a boulder beetle
  9524 | D:11     | Reached skill level 12 in Axes
  9528 | D:11     | Killed a boulder beetle
  9575 | D:11     | Lost mutation: You are completely covered in iridescent
                  | scales. (AC +6) [Jiyva's grace]
  9575 | D:11     | Lost mutation: You are very agile. (Dex +8, Str/Int -2)
                  | [Jiyva's grace]
  9575 | D:11     | Lost mutation: Your translucent skin reduces your foes'
                  | accuracy. (Stealth+) [Jiyva's grace]
  9575 | D:11     | Gained mutation: Your body has grown eyes which may confuse
                  | attackers. (Acc +3) [Jiyva's grace]
  9575 | D:11     | Gained mutation: Your body has grown many eyes which may
                  | confuse attackers. (Acc +5) [Jiyva's grace]
  9575 | D:11     | Gained mutation: Your body is covered in eyes which may
                  | confuse attackers. (Acc +7, SInv) [Jiyva's grace]
  9575 | D:11     | Gained mutation: Your muscles are strong. (Str +4, Int/Dex
                  | -1) [Jiyva's grace]
  9900 | D:11     | Found a staircase to the Lair.
 10018 | Lair:1   | Entered Level 1 of the Lair of Beasts
 10025 | Lair:1   | Reached skill level 13 in Axes
 10208 | Lair:1   | Reached skill level 14 in Axes
 10421 | Lair:1   | Reached XP level 13. HP: 113/125 MP: 10/12
 10560 | Lair:2   | Found a radiant altar of Vehumet.
 10577 | Lair:2   | Lost mutation: You are mostly covered in iridescent scales.
                  | (AC +4) [Jiyva's grace]
 10577 | Lair:2   | Lost mutation: You have acidic saliva. [Jiyva's grace]
 10577 | Lair:2   | Lost mutation: Your body is covered in eyes which may
                  | confuse attackers. (Acc +7, SInv) [Jiyva's grace]
 10577 | Lair:2   | Gained mutation: Your spells are a little harder to cast,
                  | but a little more powerful. [Jiyva's grace]
 10577 | Lair:2   | Gained mutation: Your spells are harder to cast, but more
                  | powerful. [Jiyva's grace]
 10577 | Lair:2   | Gained mutation: Your spells are much harder to cast, but
                  | much more powerful. [Jiyva's grace]
 10577 | Lair:2   | Gained mutation: Your muscles are very strong. (Str +8,
                  | Int/Dex -2) [Jiyva's grace]
 10644 | Lair:2   | Found a transporter.
 10651 | Lair:2   | Found a transporter.
 10668 | Lair:2   | Noticed sigtrap's ghost (journeyman GnCj)
 10674 | Lair:2   | Found a one-way gate to the infinite horrors of the Abyss.
 10686 | Lair:2   | Killed sigtrap's ghost
 10687 | Lair:2   | Reached skill level 15 in Fighting
 10690 | Lair:2   | Reached skill level 15 in Axes
 11348 | Lair:3   | Found a staircase to the Snake Pit.
 11510 | Lair:3   | Found a staircase to the Swamp.
 11521 | Lair:3   | Reached skill level 16 in Axes
 11684 | Lair:4   | Lost mutation: You are agile. (Dex +4, Str/Int -1) [Jiyva's
                  | grace]
 11684 | Lair:4   | Lost mutation: Your muscles are very strong. (Str +8,
                  | Int/Dex -2) [Jiyva's grace]
 11684 | Lair:4   | Lost mutation: Your muscles are strong. (Str +4, Int/Dex
                  | -1) [Jiyva's grace]
 11684 | Lair:4   | Lost mutation: Your body has grown many eyes which may
                  | confuse attackers. (Acc +5) [Jiyva's grace]
 11684 | Lair:4   | Gained mutation: You have large cloven feet. [Jiyva's
                  | grace]
 11684 | Lair:4   | Gained mutation: You have hoof-like feet. [Jiyva's grace]
 11684 | Lair:4   | Gained mutation: You have hooves in place of feet. [Jiyva's
                  | grace]
 11684 | Lair:4   | Gained mutation: Armour fits poorly on your pseudopods.
                  | [Jiyva's grace]
 11691 | Lair:4   | Found a runed translucent door.
 11691 | Lair:4   | Found a viscous altar of Jiyva.
 11691 | Lair:4   | Noticed an acid blob
 11691 | Lair:4   | Noticed an acid blob
 11692 | Lair:4   | Found a staircase to the Slime Pits.
 12145 | Slime:1  | Entered Level 1 of the Pits of Slime
 12145 | Slime:1  | Noticed an azure jelly
 12167 | Slime:2  | Noticed an acid blob
 12175 | Slime:3  | Noticed an acid blob
 12175 | Slime:3  | Noticed a quicksilver ooze
 12193 | Slime:4  | Noticed a rockslime
 12202 | Slime:5  | Entered Level 5 of the Pits of Slime
 12209 | Slime:5  | Noticed an acid blob
 12215 | Slime:5  | Noticed an acid blob
 12218 | Slime:5  | Noticed a rockslime
 12218 | Slime:5  | Noticed an acid blob
 12221 | Slime:5  | Found a viscous altar of Jiyva.
 12222 | Slime:5  | Noticed an azure jelly
 12222 | Slime:5  | Noticed the Royal Jelly
 12222 | Slime:5  | Noticed an acid blob
 12224 | Slime:5  | Noticed a rockslime
 12224 | Slime:5  | Noticed an acid blob
 12224 | Slime:5  | Found the +9 sword of Zonguldrok {reap}
 12224 | Slime:5  | Noticed a rockslime
 12225 | Slime:5  | Noticed an acid blob
 12225 | Slime:5  | Noticed a rockslime
 12226 | Slime:5  | Noticed an acid blob
 12226 | Slime:5  | Noticed an acid blob
 12231 | Slime:5  | Identified the +11 longbow "Tormentor" {flame, rElec rF-
                  | Str+4}
 12232 | Slime:5  | Identified the ring "Caerogeh" {rPois Will+ Int-4 Dex+7}
 12235 | Slime:5  | Got a slimy rune of Zot
 12236 | Slime:5  | Identified the +6 long sword of Untruth {vorpal, rC+}
 12255 | Slime:5  | Got the Exposition on the Ashen Flock
 12257 | Slime:5  | Identified the +16 plate armour of the Storm King {-Cast
                  | +Blink Str+8 Slay+6}
 12320 | Slime:5  | Noticed a quicksilver ooze
 12403 | Slime:3  | Noticed a rockslime
 12403 | Slime:3  | Noticed a rockslime
 12403 | Slime:3  | Noticed an acid blob
 12410 | Slime:3  | Noticed a quicksilver ooze
 12417 | Slime:2  | Noticed a quicksilver ooze
 12445 | Slime:1  | Noticed a rockslime
 12497 | Slime:2  | Noticed Dissolution
 12498 | Slime:2  | Noticed a quicksilver ooze
 12574 | Lair:5   | Entered Level 5 of the Lair of Beasts
 12615 | Lair:5   | Reached skill level 1 in Evocations
 12615 | Lair:5   | Reached XP level 14. HP: 109/136 MP: 10/13
 12758 | Lair:5   | Reached skill level 17 in Axes
 12823 | Lair:5   | Found a corrupted altar of Lugonu.
 13347 | D:12     | Reached skill level 1 in Stealth
 13348 | D:12     | Found an iron altar of Okawaru.
 13419 | D:12     | Reached skill level 18 in Axes
 13419 | D:12     | Reached skill level 15 in Armour
 13571 | D:12     | Lost mutation: You have hooves in place of feet. [Jiyva's
                  | grace]
 13571 | D:12     | Lost mutation: You are covered in fur. (AC +1) [Jiyva's
                  | grace]
 13571 | D:12     | Gained mutation: You are agile. (Dex +4, Str/Int -1)
                  | [Jiyva's grace]
 13571 | D:12     | Gained mutation: You are very agile. (Dex +8, Str/Int -2)
                  | [Jiyva's grace]
 13571 | D:12     | Gained mutation: Your muscles are strong. (Str +4, Int/Dex
                  | -1) [Jiyva's grace]
 13571 | D:12     | Gained mutation: Your muscles are very strong. (Str +8,
                  | Int/Dex -2) [Jiyva's grace]
 13683 | D:12     | Reached XP level 15. HP: 137/146 MP: 14/14
 13694 | D:12     | Reached skill level 5 in Dodging
 14224 | D:13     | Found a runed translucent door.
 14228 | D:13     | Noticed Foomy44's ghost (journeyman MfGl)
 14238 | D:13     | Killed Foomy44's ghost
 14307 | D:13     | Noticed Urug
 14313 | D:13     | Killed Urug
 14502 | D:13     | Noticed Lodul
 14513 | D:13     | Killed Lodul
 14514 | D:13     | Reached skill level 19 in Axes
 14856 | D:14     | Found a shimmering altar of Xom.
 14857 | D:14     | Found a shimmering altar of Xom.
 14858 | D:14     | Found a shimmering altar of Xom.
 14875 | D:14     | Found a shimmering altar of Xom.
 14876 | D:14     | Found a shimmering altar of Xom.
 15035 | D:14     | Found a gate to the Vaults.
 15045 | D:14     | Lost mutation: You are partially covered in iridescent
                  | scales. (AC +2) [Jiyva's grace]
 15045 | D:14     | Lost mutation: Your spells are much harder to cast, but
                  | much more powerful. [Jiyva's grace]
 15045 | D:14     | Lost mutation: Your body has grown eyes which may confuse
                  | attackers. (Acc +3) [Jiyva's grace]
 15045 | D:14     | Gained mutation: Your spells are much harder to cast, but
                  | much more powerful. [Jiyva's grace]
 15045 | D:14     | Gained mutation: You have hidden genetic potential.
                  | [Jiyva's grace]
 15045 | D:14     | Gained mutation: You have great hidden genetic potential.
                  | [Jiyva's grace]
 15045 | D:14     | Gained mutation: Your mind is acute. (Int +4, Str/Dex -1)
                  | [Jiyva's grace]
 15126 | D:14     | Reached skill level 5 in Evocations
 15233 | D:14     | Found Reckobbiph's Distillery.
 15242 | D:14     | Bought a potion of heal wounds for 55 gold pieces
 15242 | D:14     | Bought a potion of haste for 110 gold pieces
 15242 | D:14     | Bought a potion of haste for 110 gold pieces
 15242 | D:14     | Bought a potion of might for 44 gold pieces
 15242 | D:14     | Bought a potion of heal wounds for 55 gold pieces
 15242 | D:14     | Bought a potion of haste for 110 gold pieces
 15242 | D:14     | Bought a potion of curing for 33 gold pieces
 15242 | D:14     | Bought a potion of heal wounds for 55 gold pieces
 15242 | D:14     | Bought a potion of haste for 110 gold pieces
 15242 | D:14     | Bought a potion of curing for 33 gold pieces
 15347 | D:15     | Entered Level 15 of the Dungeon
 15388 | D:15     | Found a runed translucent gate.
 15389 | D:15     | Found a runed translucent gate.
 15390 | D:15     | Found a runed translucent gate.
 15393 | D:15     | Noticed Nim Mitig's ghost (journeyman HOFi)
 15393 | D:15     | Noticed Joimaj's ghost (journeyman GrEE)
 15394 | D:15     | Noticed Qoasy's ghost (journeyman DsGl)
 15404 | D:15     | Killed Nim Mitig's ghost
 15407 | D:15     | Killed Joimaj's ghost
 15410 | D:15     | Killed Qoasy's ghost
 15430 | D:15     | Identified the +1 leather armour "Cuoziwke" {rF+ Int-3
                  | Dex+4}
 15492 | D:15     | Reached skill level 20 in Axes
 15595 | D:15     | Reached XP level 16. HP: 157/157 MP: 15/15
 15598 | D:15     | Identified a scroll of acquirement
 15598 | D:15     | Acquired the +14 obsidian axe {vorpal, Mesm Drain Fly SInv}
 15598 | D:15     | Found the +14 obsidian axe {vorpal, Mesm Drain Fly SInv}
 15659 | D:15     | Found a staircase to the Depths.
 16220 | Snake:1  | Entered Level 1 of the Snake Pit
 16249 | Snake:1  | Reached skill level 1 in Shields
 16406 | Snake:1  | Noticed Aizul
 16412 | Snake:1  | Killed Aizul
 16550 | Snake:1  | Reached skill level 5 in Shields
 16572 | Snake:1  | Gained mutation: Your flesh is cold resistant. (rC+)
                  | [hidden potential]
 16761 | Abyss:1  | Cast into level 1 of the Abyss (naga)
 16780 | Abyss:2  | Lost mutation: You have hoof-like feet. [Jiyva's grace]
 16780 | Abyss:2  | Lost mutation: You are very agile. (Dex +8, Str/Int -2)
                  | [Jiyva's grace]
 16780 | Abyss:2  | Lost mutation: Your spells are much harder to cast, but
                  | much more powerful. [Jiyva's grace]
 16780 | Abyss:2  | Lost mutation: You have great hidden genetic potential.
                  | [Jiyva's grace]
 16780 | Abyss:2  | Gained mutation: You have a small jelly attached to you
                  | that may absorb projectiles. [Jiyva's grace]
 16780 | Abyss:2  | Gained mutation: You have hoof-like feet. [Jiyva's grace]
 16780 | Abyss:2  | Gained mutation: You have hooves in place of feet. [Jiyva's
                  | grace]
 16780 | Abyss:2  | Gained mutation: Your rubbery body absorbs attacks. (AC +1,
                  | EV +1) [Jiyva's grace]
 16827 | Abyss:2  | Noticed a bone dragon
 16834 | Abyss:2  | Killed a bone dragon
 16847 | Abyss:2  | Found a corrupted altar of Lugonu.
 16917 | Abyss:4  | Noticed a tentacled starspawn
 16919 | Abyss:4  | Lost intelligence.
 16922 | Abyss:4  | Noticed a tentacled starspawn
 16923 | Abyss:4  | Killed a tentacled starspawn
 17011 | Abyss:4  | Noticed a tentacled starspawn
 17028 | Abyss:4  | Got an abyssal rune of Zot
 17049 | Snake:1  | Escaped the Abyss
 17108 | Abyss:4  | Cast into level 4 of the Abyss (naga warrior)
 17134 | Snake:2  | Escaped the Abyss
 17220 | Snake:3  | Found Niywin's Jewellery Emporium.
 17220 | Snake:3  | Found Leam's Book Boutique.
 17221 | Snake:3  | Found Pussovam's Book Boutique.
 17384 | Snake:3  | Lost mutation: You are agile. (Dex +4, Str/Int -1) [Jiyva's
                  | grace]
 17384 | Snake:3  | Lost mutation: Your spells are harder to cast, but more
                  | powerful. [Jiyva's grace]
 17384 | Snake:3  | Lost mutation: Armour fits poorly on your pseudopods.
                  | [Jiyva's grace]
 17384 | Snake:3  | Lost mutation: You have a small jelly attached to you that
                  | may absorb projectiles. [Jiyva's grace]
 17384 | Snake:3  | Gained mutation: You have a small jelly attached to you
                  | that may absorb projectiles. [Jiyva's grace]
 17384 | Snake:3  | Gained mutation: You are robust. (+10% HP) [Jiyva's grace]
 17384 | Snake:3  | Gained mutation: You are very robust. (+20% HP) [Jiyva's
                  | grace]
 17384 | Snake:3  | Gained mutation: You are extremely robust. (+30% HP)
                  | [Jiyva's grace]
 17465 | Snake:3  | Reached XP level 17. HP: 199/215 MP: 16/16
 17502 | Snake:4  | Entered Level 4 of the Snake Pit
 17942 | Snake:4  | Reached skill level 21 in Axes
 17983 | Snake:4  | Reached skill level 10 in Shields
 18003 | Snake:4  | Gained mutation: Your spells are harder to cast, but more
                  | powerful. [hidden potential]
 18003 | Snake:4  | Lost mutation: You have hidden genetic potential. [hidden
                  | potential expressed]
 18130 | Snake:4  | Got a serpentine rune of Zot
 18536 | Swamp:1  | Entered Level 1 of the Swamp
 18583 | Swamp:1  | Reached XP level 18. HP: 37/230 MP: 5/17
 18623 | Swamp:1  | Lost mutation: You have hooves in place of feet. [Jiyva's
                  | grace]
 18623 | Swamp:1  | Lost mutation: You have hoof-like feet. [Jiyva's grace]
 18623 | Swamp:1  | Lost mutation: You are extremely robust. (+30% HP) [Jiyva's
                  | grace]
 18623 | Swamp:1  | Lost mutation: Your muscles are very strong. (Str +8,
                  | Int/Dex -2) [Jiyva's grace]
 18623 | Swamp:1  | Lost mutation: Your spells are harder to cast, but more
                  | powerful. [Jiyva's grace]
 18623 | Swamp:1  | Gained mutation: You are agile. (Dex +4, Str/Int -1)
                  | [Jiyva's grace]
 18623 | Swamp:1  | Gained mutation: You are very agile. (Dex +8, Str/Int -2)
                  | [Jiyva's grace]
 18623 | Swamp:1  | Gained mutation: You have hidden genetic potential.
                  | [Jiyva's grace]
 18623 | Swamp:1  | Gained mutation: You have great hidden genetic potential.
                  | [Jiyva's grace]
 18632 | Swamp:1  | Identified the +2 scale mail of Kleptomania {rC+ MP+9
                  | Dex+6}
 18642 | Swamp:1  | Found a transporter.
 18645 | Swamp:1  | Found a bloodstained altar of Trog.
 18654 | Swamp:1  | Noticed Danienth's ghost (journeyman DsGl)
 18662 | Swamp:1  | Found a transporter.
 18732 | Swamp:1  | Killed Danienth's ghost
 19076 | Swamp:2  | Acquired the +3 pair of seven-league boots {Rampage+∞}
 19076 | Swamp:2  | Found the +3 pair of seven-league boots {Rampage+∞}
 19200 | Swamp:4  | Entered Level 4 of the Swamp
 19276 | Swamp:4  | Reached skill level 22 in Axes
 19326 | Swamp:4  | Got a decaying rune of Zot
 19807 | Elf:1    | Entered Level 1 of the Elven Halls
 19818 | Elf:1    | Reached skill level 15 in Shields
 19832 | Elf:1    | Found Siggiyph's Distillery.
 19832 | Elf:1    | Found a runed translucent door.
 19832 | Elf:1    | Noticed Yvysoi's ghost (adept DjHW)
 19838 | Elf:1    | Bought a potion of cancellation for 152 gold pieces
 19838 | Elf:1    | Bought a potion of curing for 57 gold pieces
 19838 | Elf:1    | Bought a potion of might for 76 gold pieces
 19838 | Elf:1    | Bought a potion of curing for 57 gold pieces
 19838 | Elf:1    | Bought a potion of invisibility for 152 gold pieces
 19859 | Elf:1    | Killed Yvysoi's ghost
 19979 | Elf:1    | Reached XP level 19. HP: 200/224 MP: 15/18
 19992 | Elf:1    | Gained mutation: Your system is resistant to poisons.
                  | (rPois) [hidden potential]
 20017 | Elf:1    | Lost mutation: You are very agile. (Dex +8, Str/Int -2)
                  | [Jiyva's grace]
 20017 | Elf:1    | Lost mutation: Your flesh is cold resistant. (rC+) [Jiyva's
                  | grace]
 20017 | Elf:1    | Lost mutation: You are very robust. (+20% HP) [Jiyva's
                  | grace]
 20017 | Elf:1    | Lost mutation: Your muscles are strong. (Str +4, Int/Dex
                  | -1) [Jiyva's grace]
 20017 | Elf:1    | Lost mutation: You have great hidden genetic potential.
                  | [Jiyva's grace]
 20017 | Elf:1    | Gained mutation: Your pliable body absorbs attacks. (AC +2,
                  | EV +2) [Jiyva's grace]
 20017 | Elf:1    | Gained mutation: Your gelatinous body deflects attacks. (AC
                  | +3, EV +3) [Jiyva's grace]
 20017 | Elf:1    | Gained mutation: You are partially covered in iridescent
                  | scales. (AC +2) [Jiyva's grace]
 20017 | Elf:1    | Gained mutation: You are mostly covered in iridescent
                  | scales. (AC +4) [Jiyva's grace]
 20051 | Elf:1    | Got the Parchment of Striking
 20081 | Elf:1    | Found the +8 demon blade "Leech" {vamp, Harm Drain rN+}
 20348 | Elf:2    | Got Waqokkas's Secrets of Loathsome Orientation
 20385 | Elf:3    | Entered Level 3 of the Elven Halls
 20393 | Elf:3    | Found Irchaosiu's Assorted Antiques.
 20810 | Elf:3    | Identified the +6 hand axe of the Unspeakable One {holy,
                  | Will+ rCorr Str+2}
 20847 | Elf:3    | Identified the +4 hand axe of the Aged Ships {freeze, rPois
                  | rCorr Str+2 Dex+4}
 20964 | Elf:3    | Identified the -1 pair of gloves of Pegext {rCorr Int+7
                  | Dex-3 Stlth+}
 20980 | Elf:3    | Got the Atlas of Sweltering Spelunking
 21004 | Elf:3    | Identified the +1 robe "Yhah Une" {Harm Rampage Int+3
                  | Dex+4}
 21316 | Elf:3    | Found an ancient bone altar of Kikubaaqudgha.
 21541 | Elf:2    | Found a runed translucent gate.
 21541 | Elf:2    | Found a runed translucent gate.
 21542 | Elf:2    | Found a runed translucent gate.
 21559 | Elf:2    | Lost mutation: You are agile. (Dex +4, Str/Int -1) [Jiyva's
                  | grace]
 21559 | Elf:2    | Lost mutation: You are robust. (+10% HP) [Jiyva's grace]
 21559 | Elf:2    | Lost mutation: Your gelatinous body deflects attacks. (AC
                  | +3, EV +3) [Jiyva's grace]
 21559 | Elf:2    | Lost mutation: Your melee attacks may engulf your foes in
                  | ooze. [Jiyva's grace]
 21559 | Elf:2    | Gained mutation: You have acidic saliva. [Jiyva's grace]
 21559 | Elf:2    | Gained mutation: You have very sharp teeth. [Jiyva's grace]
 21559 | Elf:2    | Gained mutation: You have extremely sharp teeth. [Jiyva's
                  | grace]
 21559 | Elf:2    | Gained mutation: You have razor-sharp teeth. [Jiyva's
                  | grace]
 21562 | Elf:2    | Noticed Donald
 21568 | Elf:2    | Killed Donald
 21727 | Elf:2    | Reached XP level 20. HP: 198/198 MP: 19/19
 21803 | Elf:2    | Gained mutation: You are strong-willed. (Will+) [hidden
                  | potential]
 21803 | Elf:2    | Lost mutation: You have hidden genetic potential. [hidden
                  | potential expressed]
 21835 | Elf:2    | Found Isium's Book Shoppe.
 21896 | Elf:2    | Reached skill level 23 in Axes
 22248 | Vaults:1 | Entered Level 1 of the Vaults
 22838 | Vaults:1 | Noticed Zenata
 22846 | Vaults:1 | Killed Zenata
 23133 | Vaults:2 | Lost mutation: You have razor-sharp teeth. [Jiyva's grace]
 23133 | Vaults:2 | Lost mutation: You have extremely sharp teeth. [Jiyva's
                  | grace]
 23133 | Vaults:2 | Lost mutation: You have large cloven feet. [Jiyva's grace]
 23133 | Vaults:2 | Lost mutation: You have acidic saliva. [Jiyva's grace]
 23133 | Vaults:2 | Lost mutation: Your pliable body absorbs attacks. (AC +2,
                  | EV +2) [Jiyva's grace]
 23133 | Vaults:2 | Lost mutation: Your translucent skin slightly reduces your
                  | foes' accuracy. (Stealth+) [Jiyva's grace]
 23133 | Vaults:2 | Gained mutation: You have supernaturally acute eyesight.
                  | (SInv) [Jiyva's grace]
 23133 | Vaults:2 | Gained mutation: Armour fits poorly on your pseudopods.
                  | [Jiyva's grace]
 23133 | Vaults:2 | Gained mutation: Armour fits poorly on your large
                  | pseudopods. [Jiyva's grace]
 23133 | Vaults:2 | Gained mutation: Armour fits poorly on your massive
                  | pseudopods. [Jiyva's grace]
 23316 | Vaults:3 | Found Beb Inecw's General Store.
 23319 | Vaults:3 | Bought a scroll of blinking for 127 gold pieces
 23389 | Vaults:4 | Noticed Sojobo
 23403 | Vaults:4 | Killed Sojobo
 23728 | Vaults:5 | Entered Level 5 of the Vaults
 23842 | Vaults:5 | Shot with a bolt by a yaktaur captain

Illustrated notes

Levels and vault maps discovered:
D:1:      mrwooster_arrival_statue_2, layout_basic, serial_shops,
          nicolae_shop_behind_doors
D:2:      layout_loops_ring, nicolae_ecumenical_snake_handling, basic_altar,
          minmay_unequal
D:3:      layout_basic, mainiacjoe_overflow_paths, serial_shops,
          nicolae_shop_hallway_stairs, gup_sewer_entry_pipe,
          kennysheep_generic_room_4
D:4:      layout_cave_pods, goddamned_bats, uniq_blork_the_orc, uniq_duvessa
D:5:      mumra_celtic_spiral_tile, layout_basic,
          nicolae_overflow_hallway_of_the_gods, uniq_pikel, uniq_sigmund,
          uniq_crazy_yiuf_cottage, uniq_prince_ribbit1
D:6:      minmay_evil_eye, layout_gridville, old_standard_altar, serial_undead,
          serial_undead_c, serial_undead_c, serial_undead_e, serial_undead_f,
          serial_undead_c, serial_undead_d, corexii_leaking_fountain,
          minmay_checkerbox
D:7:      layout_basic, minmay_temple_entry_mist, kennysheep_small_spiral,
          uniq_menkaure
D:8:      layout_cave_pods, kennysheep_generic_room_12
D:9:      layout_stronghold
D:10:     layout_basic, mainiacjoe_overflow_24_doors, erik_orc_1
D:11:     kennysheep_seaside_town, layout_loops_ring,
          due_lair_maze_entry_diamond, kennysheep_crisscross
D:12:     lemuel_castle_with_subvaults [lemuel_castle_interior_original],
          layout_irregular_city, kennysheep_nondescript,
          okawaru_ov_weapons_minmay
D:13:     layout_roguey, ebering_ghost_reflecting_pool, uniq_urug, uniq_lodul
D:14:     layout_cross, skrybe_vaults_entry_preservation, serial_shops, shop,
          xom_redecorated, lightli_fourway_metalbox
D:15:     grunt_enter_depths_hoard, layout_cave_pools,
          chequers_serial_rivers_small_3, gammafunk_ghost_cemetery,
          chequers_mini_garden
Lair:1:   layout_cave_shapes, minmay_holes, serial_bayou_lake_a,
          serial_bayou_shore_b
Lair:2:   layout_long_grid, basic_altar, gammafunk_ghost_abyssal_escape,
          serial_bayou_pond_b
Lair:3:   layout_regular_city, nicolae_swamp_entry_splash_gauntlet,
          guppyfry_snake_entry_garden, st_stairs_8
Lair:4:   layout_small_grid, slime_entry_2, infiniplex_staircase_pool_2,
          serial_bayou_shore_b
Lair:5:   hellmonk_lair_end_abyssal_woods, layout_gridlike
Swamp:1:  cheibrodos_swamp_tower_of_moss, layout_falls_marsh,
          gammafunk_ghost_wrathful_warriors, hangedman_swamp_pad, swamp_pool5,
          nicolae_swamp_dense_foliage
Swamp:2:  nzn_winding_woodlands_small [nzn_winding_woodlands_5x15_eye,
          nzn_winding_woodlands_center_garden,
          nzn_winding_woodlands_5x15_parted], layout_basic_swamp,
          ebering_ghost_funeral_grove, evilmike_swamp_ruin_house_2, swamp_pool2
Swamp:3:  cheibrodos_swamp_heart_of_darkness, layout_falls_marsh,
          evilmike_swamp_ruin_house_3, nicolae_swamp_oklob_treasure_island
Swamp:4:  swamp_alternative, layout_basic_swamp
Snake:1:  layout_honeycomb, st_stairs_10, grunt_megastairs_4, uniq_aizul
Snake:2:  layout_misc_corridors, ebering_ghost_inner_flame, special_room,
          serial_bayou_pond_d
Snake:3:  layout_onion, minmay_shop_grove
Snake:4:  snake_pit_salamanders_mu, layout_cave_town, hangedman_corner_corridor,
          grunt_megastairs_3
Slime:1:  layout_caves, basic_altar
Slime:2:  layout_caves, uniq_dissolution
Slime:3:  cheibrodos_slime_lost_civilization_8, layout_caves
Slime:4:  layout_caves
Slime:5
Orc:1:    layout_caves, basic_altar
Orc:2:    st_orc_mages, layout_caves
Elf:1:    eino_elf_arrival_the_gate, layout_geoelf_octagon, serial_shops, shop,
          hellmonk_ghost_happy_afterlife, minmay_elf_annihilation, drop_trap,
          lemuel_upstairs_altar
Elf:2:    elven_hall_of_blades_hangedman_original
          [nicolae_blade_entry_crossed_weapons], layout_geoelf_octagon,
          serial_shops, nicolae_shop_behind_doors, uniq_donald
Elf:3:    minmay_elf_hall_four_x, layout_geoelf_castle, serial_shops, shop,
          basic_altar, dk_noncrumbling_2
Vaults:1: hangedman_vaults_restitches, vaults_dpeg_spiral, ontoclasm_vaults_eye,
          nicolae_vaults_little_squares_2, v_pattern_3, hangedman_vaults_trim,
          nicolae_vaults_sealed_display, vaults_room_door_ring, v_alt_pattern_4,
          vaults_room_door_hall, vaults_room_large_hall, layout_vaults_ring,
          uniq_zenata
Vaults:2: minmay_crypt_entry_simple_walls, hangedman_vaults_impose,
          hangedman_vaults_snaps, v_misc_8, v_rooms_6, v_alt_pattern_6,
          v_misc_12, v_misc_13, nicolae_vaults_border_crossing,
          vaults_room_fours, v_misc_15, vaults_room_ringed_pool,
          grunt_vaults_diagonal, nicolae_vaults_little_squares_5,
          layout_vaults_omnicross
Vaults:3: vaults_room_pool, v_misc_14, grunt_vaults_hallway_long,
          nicolae_vaults_little_squares_3, v_misc_15,
          nicolae_vaults_little_squares_1, st_lattice, vaults_mumra_hex,
          layout_vaults_omnigrid, serial_shops, nicolae_shop_behind_doors,
          uniq_mennas
Vaults:4: nicolae_vaults_little_squares_1, ontoclasm_vaults_pinch,
          ontoclasm_vaults_decontamination, nicolae_vaults_network_star,
          dpeg_vaults_monster_box, nicolae_vaults_triangles, v_pattern_1,
          vaults_mumra_chevron, hangedman_vaults_maws, vaults_room_boxed,
          vaults_room_semicircle, ontoclasm_vaults_fault,
          ontoclasm_vaults_shuriken, nicolae_vaults_little_squares_1,
          layout_vaults_maze_bifur, uniq_mara, uniq_sojobo
Vaults:5

Skill      XL: |  1  2  3  4  5  6  7  8  9 10 11 12 13 14 15 16 17 18 19 20 |
---------------+-------------------------------------------------------------+-----
Maces & Flails | 4 5 6 7 9 11 | 11.0
Fighting       | 3 4 5 7 8 10 12 13 14 15 16 17 18 19 20 21 | 21.7
Armour         | 1 2 3 4 5 7 9 11 12 14 15 16 17 18 19 21 22 | 22.4
Throwing       | 3 4 |  4.0
Axes           | 1 7 11 14 16 18 20 21 22 23 | 23.4
Evocations     | 1 3 5 7 8 |  8.0
Stealth        | 2 |  2.0
Dodging        | 4 5 |  5.0
Shields        | 8 12 15 17 18 | 18.7

Action                   |  1- 3 |  4- 6 |  7- 9 | 10-12 | 13-15 | 16-18 | 19-21 || total
-------------------------+-------+-------+-------+-------+-------+-------+-------++-------
Melee: Flail             |    88 |   134 |   224 |       |       |       |       ||   446
       Headbutt          |     9 |    18 |    51 |   123 |   133 |   148 |   108 ||   590
       Punch             |       |     1 |     1 |       |       |       |       ||     2
       Battleaxe         |       |       |    14 |   516 |   584 |    41 |       ||  1155
       Bite              |       |       |     6 |    55 |     2 |       |    48 ||   111
       Kick              |       |       |       |       |   150 |   150 |       ||   300
       Pseudopods        |       |       |       |       |    76 |    38 |    22 ||   136
       Dire flail        |       |       |       |       |     7 |       |       ||     7
       Broad axe         |       |       |       |       |       |   557 |   419 ||   976
Throw: Boomerang         |       |       |     4 |       |       |       |       ||     4
       Throwing net      |       |       |     3 |       |       |       |       ||     3
       Javelin           |       |       |     1 |       |       |       |       ||     1
 Abil: Evoke Blink       |       |       |       |       |       |     1 |       ||     1
Evoke: Box of beasts     |       |       |       |       |       |       |     2 ||     2
       Phantom mirror    |       |       |       |       |       |       |     1 ||     1
       Tin of tremorston |       |       |       |       |       |       |     1 ||     1
  Use: Scroll            |     4 |     5 |     4 |     7 |    10 |     7 |     3 ||    40
       Potion            |       |     2 |     1 |       |     2 |    12 |     6 ||    23
 Stab: Invisible         |       |     2 |     1 |       |       |     3 |       ||     6
       Held in net/web   |       |       |     1 |       |       |       |       ||     1
       Confused          |       |       |       |     3 |    12 |       |       ||    15
       Petrifying        |       |       |       |       |     1 |       |       ||     1
       Distracted        |       |       |       |       |       |     7 |     4 ||    11
Armor: Leather armour    |    19 |     3 |       |       |       |       |       ||    22
       Chain mail        |       |   111 |   151 |       |       |       |       ||   262
       Ring mail         |       |     8 |       |       |       |       |       ||     8
       Plate armour      |       |       |       |   435 |   405 |   357 |   174 ||  1371
Dodge: Dodged            |    78 |    78 |   106 |   284 |   337 |   280 |   118 ||  1281
Block: Buckler           |       |       |       |       |       |    62 |       ||    62
       Kite shield       |       |       |       |       |       |   266 |   225 ||   491
       Reflection        |       |       |       |       |       |    25 |    56 ||    81
